 Dungeon Crawl Stone Soup version 0.28.0-43-g3370ac3207 (webtiles) character file.

Game seed: 15349211448506057052

67 styxcanada the Sneak (level 3, -2/18 HPs)
             Began as a Spriggan Brigand on Mar 14, 2022.
             Killed from afar by an orc wizard (12 damage)
             ... with a puff of flame
             ... on level 3 of the Dungeon.
             The game lasted 00:08:22 (2202 turns).

styxcanada the Sneak (Spriggan Brigand)             Turns: 2202, Time: 00:08:22

Health: -2/18      AC:  3    Str:  7    XL:     3   Next: 98%
Magic:  5/5        EV: 17    Int: 12    God:
Gold:   74         SH:  0    Dex: 18    Spells: 3/4 levels left

rFire   . . .      SeeInvis +   a - +2 dagger
rCold   . . .      Faith    .   (no shield)
rNeg    . . .      Spirit   .   b - +0 robe
rPois   +          Reflect  .   (helmet restricted)
rElec   .          Harm     .   c - +0 cloak
rCorr   .          Rampage  .   (gloves unavailable)
Will    .....                   (boots unavailable)
Stlth   ++++......              (no amulet)
HPRegen 0.06/turn               i - ring of poison resistance
MPRegen 0.09/turn               (no ring)

@: very quick
A: very small, no large weapons, unfitting armour, see invisible, speed 3
a: no special abilities


You were on level 3 of the Dungeon.
You visited 1 branch of the dungeon, and saw 3 of its levels.

You collected 74 gold pieces.

Inventory:

Hand Weapons
 a - a +2 dagger (weapon)
 l - a +0 hunting sling
Missiles
 d - 5 poisoned darts (quivered)
 e - 2 curare-tipped darts
 g - 58 stones
Armour
 b - a +0 robe (worn)
 c - a +0 cloak (worn)
Jewellery
 i - a ring of poison resistance (left hand)
Scrolls
 n - 2 scrolls of silence
 o - a scroll of vulnerability {unknown}
Potions
 f - a potion of lignification
 j - a potion of curing {unknown}
 m - a potion of degeneration {unknown}
 p - a potion of might {unknown}


   Skills:
 * Level 1.8 Fighting
 + Level 2.5 Short Blades
 + Level 2.1 Throwing
 * Level 2.1 Dodging
 * Level 7.3 Stealth
 * Level 1.0 Spellcasting
 * Level 0.6 Transmutations
 * Level 0.2 Poison Magic


You had 3 spell levels left.
You knew the following spells:

 Your Spells              Type           Power      Damage    Failure   Level
a - Sting                 Tmut/Pois      4%         1d3       26%         1

Your spell library contained the following spells:

 Spells                   Type           Power      Damage    Failure   Level
 Poisonous Vapours        Pois/Air       0%         N/A       41%         2
 Olgreb's Toxic Radiance  Pois           1%         N/A       95%         4


Dungeon Overview and Level Annotations

Branches:
Dungeon (3/15)

Altars:

Shops:
D:2 :


Innate Abilities, Weirdness & Mutations

You are very small and have problems with some larger weapons.
You are too small for most types of armour.
You have supernaturally acute eyesight. (SInv)
You cover ground extremely quickly. (Speed+++)


Message History

You hit the kobold but do no damage.
The kobold is heavily wounded.
The orc completely misses you. The kobold hits you but does no damage.
You closely miss the kobold.
The kobold is heavily wounded.
The orc barely misses you. The kobold barely misses you.
You hit the kobold.
You kill the kobold!
You barely miss the orc. The orc misses you.
You hit the orc.
The orc is severely wounded.
The orc wizard gestures at you while chanting.
You resist with some effort. The orc completely misses you.
You hit the orc.
You kill the orc!
The orc wizard barely misses you.
You miss the orc wizard. The orc wizard closely misses you.
You barely miss the orc wizard. You barely miss the orc wizard.
You punch the orc wizard.
The orc wizard is lightly wounded.
The orc wizard hits you with a +0 dagger.
You hit the orc wizard but do no damage.
The orc wizard is lightly wounded.
The orc wizard hits you with a +0 dagger.
You hit the orc wizard but do no damage.
The orc wizard is lightly wounded.
The orc wizard hits you with a +0 dagger.
You hit the orc wizard but do no damage.
The orc wizard is lightly wounded.
The orc wizard hits you with a +0 dagger.
You closely miss the orc wizard.
The orc wizard is lightly wounded.
The orc wizard completely misses you.
Unknown command.
You hit the orc wizard.
The orc wizard is moderately wounded.
The orc wizard points at you and mumbles some strange words.
The puff of flame hits you!
Ouch! That really hurt!
You die...

#...# #. #...## #.
#....# #^ #.##.#
#. #<.#.# #.##
#.####.# #..#
#......#######.##
#######......)o)#
..............#@#
######.....oS.#..#
............##.#
.............+ ..
........o....# #..
.......o(##### ..#
.......... ..#
.......(S# ..#


You could see an orc wizard.

Vanquished Creatures
  An adder (D:2)
  A worm (D:2)
  2 orcs (D:3)
  5 ball pythons
  3 endoplasms (D:1)
  6 giant cockroaches
  A goblin (D:3)
  5 hobgoblins
  2 quokkas (D:1)
  6 bats
  3 frilled lizards
  9 kobolds
  2 rats (D:1)
46 creatures vanquished.

Notes
Turn   | Place    | Note
-------+----------+-------------------------------------------
     0 | D:1      | styxcanada the Spriggan Brigand began the quest for the
                  | Orb.
     0 | D:1      | Reached XP level 1. HP: 10/10 MP: 2/2
    35 | D:1      | Reached skill level 6 in Stealth
   499 | D:1      | Reached XP level 2. HP: 15/15 MP: 3/3
   840 | D:1      | Learned a level 1 spell: Sting
  1206 | D:1      | Found a faded altar of an unknown god.
  1214 | D:1      | Reached XP level 3. HP: 14/18 MP: 4/4
  1622 | D:2      | Reached skill level 7 in Stealth
  1635 | D:2      | Found Ihaforph's Book Shop.
  2179 | D:3      | Reached skill level 1 in Spellcasting
  2202 | D:3      | Killed from afar by an orc wizard

Illustrated notes

Levels and vault maps discovered:
D:1:      heliophobic_arrival_ceremonial_halls, layout_basic,
          shapermc_ecumenical_altar_petra
D:2:      layout_rooms, serial_shops, nicolae_shop_window_shopping
D:3:      layout_basic

Skill      XL: |  1  2  3 |
---------------+----------+-----
Stealth        | 6 7 |  7.3
Dodging        | 2 |  2.1
Spellcasting   | 1 |  1.0
Fighting       | |  1.8
Short Blades   | |  2.5
Throwing       | |  2.1
Transmutations | |  0.6
Poison Magic   | |  0.2

Action                   || total
-------------------------++-------
Melee: Dagger            ||   127
       Punch             ||     3
Throw: Dart              ||    19
  Use: Scroll            ||     3
 Stab: Sleeping          ||    14
Armor: Robe              ||    12
Dodge: Dodged            ||    81
